 Dungeon Crawl Stone Soup version 0.27.1-2-g3b301248ec (webtiles) character file.

Game seed: 4826579828633760595

140 bnorton916 the Conjurer (level 5, -9/28 HPs)
             Began as a Deep Elf Conjurer on Sept 26, 2021.
             Mangled by a wyvern zombie (10 damage)
             ... on level 4 of the Dungeon.
             The game lasted 00:03:22 (3603 turns).

bnorton916 the Conjurer (Deep Elf Conjurer)         Turns: 3603, Time: 00:03:23

Health: -9/28      AC:  4    Str:  4    XL:     5   Next: 2%
Magic:  6/14       EV: 12    Int: 24    God:
Gold:   117        SH:  0    Dex: 13    Spells: 11/14 levels left

rFire    + . .     SeeInvis .   (no weapon)
rCold    . . .     Faith    .   (no shield)
rNeg     . . .     Spirit   .   p - +1 robe {rF+}
rPois    .         Reflect  .   (no helmet)
rElec    .         Harm     .   (no cloak)
rCorr    .         Rampage  .   (no gloves)
Will     .....                  i - +0 pair of boots
Stlth    ++........             (no amulet)
HPRegen  0.09/turn              b - ring of flight
MPRegen  0.14/turn              (no ring)

@: flying
A: no striking features
a: no special abilities


You were on level 4 of the Dungeon.
You visited 1 branch of the dungeon, and saw 4 of its levels.

You collected 117 gold pieces.

Inventory:

Hand Weapons
 h - a +1 falchion of flaming
 k - a +3 vampiric dagger
Missiles
 n - 2 throwing nets
Armour
 i - a +0 pair of boots (worn)
 l - a +0 tower shield
 p - a +1 robe of fire resistance (worn)
Jewellery
 b - a ring of flight (left hand)
Scrolls
 g - a scroll of acquirement {unknown}
 j - 2 scrolls of enchant weapon {unknown}
 m - a scroll of teleportation {unknown}
Potions
 a - a potion of brilliance {unknown}
 c - a potion of might {unknown}
 d - 3 potions of attraction {unknown}
 e - 3 potions of magic {unknown}
 f - 3 potions of curing {unknown}
 o - a potion of haste {unknown}


   Skills:
 - Level 2.4 Dodging
 - Level 2.4 Stealth
 + Level 5.4 Spellcasting
 + Level 5.8 Conjurations


You had 11 spell levels left.
You knew the following spells:

 Your Spells              Type           Power      Damage    Failure   Level
a - Magic Dart            Conj           100%       1d8       1%          1
b - Searing Ray           Conj           68%        3d5       1%          2

Your spell library contained the following spells:

 Spells                   Type           Power      Damage    Failure   Level
 Static Discharge         Conj/Air       20%        N/A       3%          2
 Dazzling Flash           Conj/Hex       40%        N/A       8%          3
 Apportation              Tloc           12%        N/A       9%          1
 Mephitic Cloud           Conj/Pois/Air  15%        N/A       12%         3
 Ignite Poison            Fire/Tmut/Pois 6%         N/A       26%         3
 Fulminant Prism          Conj/Hex       10%        3d9       26%         4
 Iskenderun's Mystic Bla  Conj/Tloc      20%        2d6       26%         4
 Sticky Flame             Conj/Fire      20%        2d4       26%         4
 Dispel Undead            Necr           6%         3d8       63%         4
 Bolt of Magma            Conj/Fire/Erth 7%         4d6       71%         5
 Alistair's Intoxication  Tmut/Pois      4%         N/A       93%         5
 Invisibility             Hex            3%         N/A       100%        6


Dungeon Overview and Level Annotations

Branches:
Dungeon (4/15)
 Temple: D:4-7

Altars:
Ashenzari
Cheibriados
The Shining One

Shops:
D:2 (::*


Message History

Casting: Magic Dart (safe; 1% risk of failure)
Confirm with . or Enter, or press ? or * to list all spells.
Aiming: Magic Dart (safe; 1% risk of failure)
Press: ? - help, Shift-Dir - straight line, f/p - wyvern zombie
Aim: a wyvern zombie (100% to hit)
The magic dart hits the wyvern zombie.
The wyvern zombie is lightly damaged.
Casting: Magic Dart (safe; 1% risk of failure)
Confirm with . or Enter, or press ? or * to list all spells.
Aiming: Magic Dart (safe; 1% risk of failure)
Press: ? - help, Shift-Dir - straight line, f/p - wyvern zombie
Aim: a wyvern zombie (lightly damaged, 100% to hit)
The magic dart hits the wyvern zombie!
The wyvern zombie is moderately damaged.
Casting: Magic Dart (safe; 1% risk of failure)
Confirm with . or Enter, or press ? or * to list all spells.
Aiming: Magic Dart (safe; 1% risk of failure)
Press: ? - help, Shift-Dir - straight line, f/p - wyvern zombie
Aim: a wyvern zombie (moderately damaged, 100% to hit)
The magic dart hits the wyvern zombie.
The wyvern zombie is heavily damaged.
The wyvern zombie bites you!
The wyvern zombie bites you but does no damage.
Casting: Magic Dart (safe; 1% risk of failure)
Confirm with . or Enter, or press ? or * to list all spells.
Aiming: Searing Ray (safe; 1% risk of failure)
Press: ? - help, Shift-Dir - straight line, f/p - wyvern zombie
Aim: a wyvern zombie (heavily damaged, 93% to hit)
The searing ray hits the wyvern zombie!
The wyvern zombie is severely damaged. (Press . to maintain the ray.)
The wyvern zombie bites you!
The searing ray hits the wyvern zombie!
The wyvern zombie is severely damaged.
The wyvern zombie bites you!
* * * LOW HITPOINT WARNING * * *
The searing ray hits the wyvern zombie.
The wyvern zombie is almost destroyed.
The wyvern zombie bites you!
You die...

######.#
#......########
###.##.........
#.##.########
#.##.#
#.##.########
###.##........#
#......######.##
######..@.......
####Z..#... ...#
...# ...# ....
..... ......


You could see a wyvern zombie.

Vanquished Creatures
  A hound (D:4)
  An iguana (D:4)
  An adder skeleton (D:4)
  5 dart slugs
  3 worms
  2 bats
  6 endoplasms
  11 giant cockroaches
  5 goblins (D:1)
  2 hobgoblins (D:1)
  3 kobolds
  4 quokkas
  5 ball pythons
  6 frilled lizards
  7 rats
62 creatures vanquished.

Notes
Turn   | Place    | Note
-------+----------+-------------------------------------------
     0 | D:1      | bnorton916 the Deep Elf Conjurer began the quest for the
                  | Orb.
     0 | D:1      | Reached XP level 1. HP: 10/10 MP: 6/6
   207 | D:1      | Reached XP level 2. HP: 12/15 MP: 4/8
   760 | D:1      | Reached XP level 3. HP: 19/19 MP: 1/10
   836 | D:1      | Reached skill level 5 in Conjurations
   959 | D:1      | Found a faded altar of an unknown god.
   977 | D:1      | Learned a level 2 spell: Searing Ray
  1587 | D:2      | Found Addix Hewe's Antique Weapon Boutique.
  1816 | D:2      | Found Goder's Book Boutique.
  2185 | D:2      | Found Zanuon's Book Shop.
  2198 | D:2      | Found Piuvesu's Assorted Antiques.
  2331 | D:3      | Reached XP level 4. HP: 24/24 MP: 8/12
  2652 | D:3      | Found a broken altar of Ashenzari.
  2705 | D:3      | Found a glowing golden altar of the Shining One.
  3226 | D:4      | Reached skill level 5 in Spellcasting
  3326 | D:4      | Found a snail-covered altar of Cheibriados.
  3417 | D:4      | Reached XP level 5. HP: 28/28 MP: 8/14
  3602 | D:4      | HP: 1/28 [wyvern zombie (13)]
  3603 | D:4      | Mangled by a wyvern zombie

Illustrated notes

Levels and vault maps discovered:
D:1:      minmay_arrival_hallway, layout_basic,
          dilly_ecumenical_altar_fadedgnrine, st_stairs_10
D:2:      minmay_roachtagon, layout_basic, serial_shops,
          nicolae_shop_waterfront, nicolae_shop_waterfront, shop, shop,
          hangedman_abyss_or_decor_lesser_grid, minmay_door_square
D:3:      layout_basic, mainiacjoe_overflow_brackets,
          nicolae_tso_carved_into_rock, minmay_misc_feat_doors
D:4:      layout_basic, grunt_temple_overflow_gold_and_silver,
          cheibriados_altar_1, nicolae_overflow_hidden_temple, uniq_edmund,
          uniq_duvessa

Skill      XL: |  1  2  3  4 |
---------------+-------------+-----
Spellcasting   | 4 5 |  5.4
Conjurations   | 5 |  5.8
Dodging        | |  2.4
Stealth        | |  2.4

Action                   |  1- 3 |  4- 6 || total
-------------------------+-------+-------++-------
 Cast: Magic Dart        |    95 |    40 ||   135
       Searing Ray       |       |     2 ||     2
Armor: Robe              |     2 |     2 ||     4
Dodge: Dodged            |       |     3 ||     3
